 Dungeon Sprint DCSS version 0.29.1-2-gbd0b4ee654 (webtiles) character file.

Game seed: 15072975901265979553

5453 Groucho the Unseen (level 10, -10/51 HPs)
             Began as a Spriggan Enchanter on Nov 16, 2022.
             Was an Elder of Dithmenos.
             Killed from afar by a crystal guardian (38 damage)
             ... with a crystal bolt
             ... in the Dungeon (Sprint II: "The Violet Keep of Menkaure").
             The game lasted 00:07:39 (1095 turns).

Groucho the Unseen (Spriggan Enchanter)             Turns: 1095, Time: 00:07:40

Health: -10/51     AC:  2    Str:  8    XL:     10   Next: 41%
Magic:  14/25      EV: 22    Int: 17    God:    Dithmenos [****..]
Gold:   619        SH:  0    Dex: 16    Spells: 24/35 levels left

rFire   . . .      SeeInvis +   a - +1 dagger
rCold   . . .      Faith    .   (no shield)
rNeg    . . .      Spirit   .   b - +0 robe
rPois   .          Reflect  .   (helmet restricted)
rElec   .          Harm     .   k - scarf {+Inv}
rCorr   .          Rampage  .   (gloves unavailable)
Will    +....      NoTele   +   (boots unavailable) Stlth *+++++++++
                                (no amulet)
HPRegen 0.17/turn               f - ring of flight
MPRegen 0.19/turn               (no ring)

@: flying, wreathed by umbra, invisible (expiring), very quick
A: very small, no large weapons, unfitting armour, see invisible, speed 3, low
MP 1, screaming 1
a: Renounce Religion, Evoke Invisibility, Shadow Step


You were in the Dungeon.
You worshipped Dithmenos.
Dithmenos was greatly pleased with you.
You visited 1 branch You collected 1296 gold pieces.
You spent 677 gold pieces at shops.

Inventory:

Hand Weapons
 a - a +1 dagger (weapon)
Armour
 b - a +0 robe (worn)
 j - a +1 cloak of willpower
 k - a scarf of invisibility (worn)
Jewellery
 f - a ring of flight (left hand)
Scrolls
 i - a scroll of blinking
 l - a scroll of vulnerability {unknown}
Potions
 d - a potion of curing
 e - a potion of heal wounds
 g - a potion of magic
 h - a potion of berserk rage


   Skills:
 + Level 5.3 Fighting
 * Level 7.8 Short Blades
 * Level 9.3 Dodging
 - Level 19.1 Stealth
 + Level 13.3 Spellcasting
 - Level 15.0 Hexes
 * Level 11.1 Evocations


You had 24 spell levels left.
You knew the following spells:

 Your Spells              Type           Power      Damage    Failure   Level
a - Ensorcelled Hibernat  Hex/Ice        72%        N/A       1%          2
b - Confusing Touch       Hex            58%        N/A       1%          3
c - Dazzling Flash        Conj/Hex       72%        N/A       1%          3
d - Tukima's Dance        Hex            58%        N/A       1%          3

Your spell library contained the following spells:

 Spells                   Type           Power      Damage    Failure   Level


Dungeon Overview and Level Annotations

Branches:
Dungeon (1/1)

Altars:
Cheibriados
Dithmenos
Elyvilon
Fedhas
Gozag
Hepliaklqana
Kikubaaqudgha
Makhleb
Nemelex Xobeh
Okawaru
Qazlal
Ru
Sif Muna
Trog
Uskayaw
Vehumet
Wu Jian
Xom
Yredelemnul
Zin
The Shining One
Jiyva
Lugonu

Shops:
D !:[:!?(![([==[[

Annotations:
D exclusions: ice statue and oklob plant


Innate Abilities, Weirdness & Mutations

You are very small and have problems with some larger weapons.
You are too small for most types of armour.
You have supernaturally acute eyesight. (SInv)
You cover ground extremely quickly. (Speed+++)
Your magical capacity is low. (-10% MP)
You occasionally shout uncontrollably at your foes.


Message History

Aim: a death drake (wandering, unable to see you, hasn't noticed you, umbra, chance to affect: 47%)
The death drake looks drowsy...
The helpless death drake fails to defend itself.
You spit the death drake like a pig!!!!
You kill the death drake!
Dithmenos accepts your kill.
Training target 15.0 for Hexes reached!
Your Dodging skill increases to level 9!
Your Hexes skill increases to level 15!
Your Evocations skill increases to level 11!
Casting: Ensorcelled Hibernation (safe; 1% risk of failure)
Confirm with . or Enter, or press ? or * to list all spells.
Aiming: Ensorcelled Hibernation (safe; 1% risk of failure)
Press: ? - help, Shift-Dir - straight line, f - swamp drake
Aim: a swamp drake (wandering, unable to see you, hasn't noticed you, umbra, chance to affect: 64%)
The swamp drake looks drowsy...
The helpless swamp drake fails to defend itself.
You skewer the swamp drake like a kebab!!!!
You kill the swamp drake!
Dithmenos accepts your kill.
You flicker for a moment.
Casting: Ensorcelled Hibernation (safe; 1% risk of failure)
Confirm with . or Enter, or press ? or * to list all spells.
Aiming: Ensorcelled Hibernation (safe; 1% risk of failure)
Press: ? - help, Shift-Dir - straight line, f - death drake
Aim: a death drake (wandering, unable to see you, hasn't noticed you, umbra, chance to affect: 47%)
The death drake resists with some effort.
Casting: Ensorcelled Hibernation (safe; 1% risk of failure)
Confirm with . or Enter, or press ? or * to list all spells.
Aiming: Ensorcelled Hibernation (safe; 1% risk of failure)
Press: ? - help, Shift-Dir - straight line, f/p - death drake
Aim: a death drake (wandering, unable to see you, hasn't noticed you, umbra, chance to affect: 47%)
The death drake looks drowsy...
A crystal guardian comes into view.
You yell at the crystal guardian!
Found 3 murky clear potions.
The death drake hisses angrily.
The crystal guardian fires a crystalline bolt at you.
The crystal bolt freezes you!! The crystal bolt freezes you!!!
Ouch! That really hurt!
You die...

.°°○○## 8°°°°.##++##
..○°.##§^..###
°°°.°##)§..^..##
°#''°#####....#!## ○....
#..†.^..#..#
#+##..#..####.#9k#
...##.####[.'.##@# ##..#
...#..#...####
.######..#####..##)# $!!
#'###.##..#..'..#††#▓(!!!$
#.##...#..#..#..#††#▓$$$!$
.<.'.##'..####..##.#▓!?$($
#.####.#....###...##▓▓▓▓▓▓
#'###.##......~~~~~~~~~~~~
.#.####~~.....~#'########+


You could see a death drake (wandering, unable to see you) and a crystal
guardian.

Vanquished Creatures
  A deep elf master archer (D)
  A death drake (D)
  A merfolk siren (D)
  2 unseen horrors (D)
  A yaktaur (D)
  5 polar bears (D)
  A hornet (D)
  2 wyverns (D)
  4 neqoxecs (D)
  4 water moccasins (D)
  2 swamp drakes (D)
  A scorpion (D)
  3 worms (D)
28 creatures vanquished.

Vanquished Creatures (others)
  Menkaure (D)
  A water moccasin (D)
2 creatures vanquished.

Grand Total: 30 creatures vanquished

Notes
Turn   | Place    | Note
-------+----------+-------------------------------------------
     0 | D        | Groucho the Spriggan Enchanter began the quest for the Orb.
     0 | D        | Reached XP level 1. HP: 9/9 MP: 5/5
     3 | D        | Noticed a merfolk siren
     6 | D        | Noticed a neqoxec
    13 | D        | Reached skill level 5 in Stealth
    15 | D        | Reached skill level 6 in Stealth
    18 | D        | Noticed a wyvern
    18 | D        | Noticed a wyvern
    22 | D        | Killed a wyvern
    23 | D        | Reached skill level 12 in Stealth
    23 | D        | Reached XP level 2. HP: 13/13 MP: 5/10
    23 | D        | Reached XP level 3. HP: 16/16 MP: 6/12
    23 | D        | Reached XP level 4. HP: 21/21 MP: 6/13
    23 | D        | Reached XP level 5. HP: 24/24 MP: 6/15
    25 | D        | Killed a wyvern
    26 | D        | Reached skill level 14 in Stealth
    26 | D        | Reached XP level 6. HP: 28/28 MP: 6/18
    32 | D        | Killed a merfolk siren
    33 | D        | Reached skill level 17 in Stealth
    33 | D        | Reached skill level 10 in Hexes
    33 | D        | Reached XP level 7. HP: 32/32 MP: 7/21
    51 | D        | Learned a level 2 spell: Ensorcelled Hibernation
    51 | D        | Gained mutation: You occasionally shout uncontrollably at
                  | your foes. [a neqoxec]
    55 | D        | Killed a neqoxec
    56 | D        | Reached skill level 18 in Stealth
    56 | D        | Reached skill level 10 in Spellcasting
    56 | D        | Noticed a neqoxec
    58 | D        | Gained mutation: Your magical capacity is low. (-10% MP) [a
                  | neqoxec]
    60 | D        | Killed Menkaure
    70 | D        | Noticed a neqoxec
    91 | D        | Killed a neqoxec
   100 | D        | Killed a neqoxec
   101 | D        | Reached skill level 19 in Stealth
   101 | D        | Reached XP level 8. HP: 9/36 MP: 11/21
   353 | D        | Reached skill level 1 in Fighting
   357 | D        | Learned a level 3 spell: Confusing Touch
   361 | D        | Learned a level 3 spell: Dazzling Flash
   365 | D        | Learned a level 3 spell: Tukima's Dance
   758 | D        | Found Ledicheo's Armour Shop.
   758 | D        | Found Viull's Antique Armour Boutique.
   759 | D        | Found Robueh's Jewellery Shop.
   759 | D        | Found Hoibuoru's Jewellery Boutique.
   759 | D        | Found Gasmul's Antique Armour Shop.
   760 | D        | Found Rammu's Antique Weapon Shop.
   760 | D        | Found Puivaidee's Antique Armour Boutique.
   760 | D        | Found Attits's Distillery.
   761 | D        | Found Cokiuq's Antique Weapon Boutique.
   761 | D        | Found Teroin's Magic Scroll Boutique.
   761 | D        | Found Etoygu's Distillery.
   762 | D        | Found Icolipp's Book Boutique.
   762 | D        | Found Fisoix's Antique Armour Shop.
   762 | D        | Noticed an oklob plant
   802 | D        | Noticed an ice statue
   841 | D        | Found Xaruaxo's Book Shoppe.
   841 | D        | Found Uptiev's Distillery.
   842 | D        | Noticed a manticore
   843 | D        | Noticed a manticore
   843 | D        | Noticed a manticore
   847 | D        | Bought a ring of flight for 210 gold pieces
   871 | D        | Bought a glowing cloak for 195 gold pieces
   886 | D        | Bought an embroidered scarf for 160 gold pieces
   898 | D        | Bought a potion of invisibility for 112 gold pieces
   921 | D        | Found a snail-covered altar of Cheibriados.
   922 | D        | Found a shadowy altar of Dithmenos.
   923 | D        | Found a white marble altar of Elyvilon.
   923 | D        | Found an ancient bone altar of Kikubaaqudgha.
   923 | D        | Found a viscous altar of Jiyva.
   924 | D        | Found a blossoming altar of Fedhas.
   924 | D        | Found a corrupted altar of Lugonu.
   924 | D        | Found a shimmering blue altar of Sif Muna.
   927 | D        | Found an opulent altar of Gozag.
   927 | D        | Found a burning altar of Makhleb.
   927 | D        | Found a bloodstained altar of Trog.
   928 | D        | Found a sparkling altar of Nemelex Xobeh.
   928 | D        | Found a hide-covered altar of Uskayaw.
   929 | D        | Found a basalt altar of Yredelemnul.
   930 | D        | Found an iron altar of Okawaru.
   930 | D        | Found a radiant altar of Vehumet.
   930 | D        | Found a glowing silver altar of Zin.
   930 | D        | Found a hazy altar of Hepliaklqana.
   930 | D        | Found a sacrificial altar of Ru.
   930 | D        | Found a shimmering altar of Xom.
   930 | D        | Noticed a hornet
   930 | D        | Noticed a polar bear
   931 | D        | Found a stormy altar of Qazlal.
   931 | D        | Found an ornate altar of the Wu Jian Council.
   931 | D        | Found a glowing golden altar of the Shining One.
   931 | D        | Noticed a yaktaur
   935 | D        | Became a worshipper of Dithmenos the Shadowed
   942 | D        | Noticed a polar bear
   942 | D        | Noticed a polar bear
   943 | D        | Killed a polar bear
   944 | D        | Killed a polar bear
   945 | D        | Reached skill level 5 in Dodging
   946 | D        | Killed a polar bear
   946 | D        | Reached * piety under Dithmenos
   947 | D        | Reached skill level 5 in Evocations
   947 | D        | Killed a hornet
   948 | D        | Reached XP level 9. HP: 40/44 MP: 23/23
   949 | D        | Killed a yaktaur
   959 | D        | Noticed a polar bear
   960 | D        | Noticed a polar bear
   961 | D        | Killed a polar bear
   961 | D        | Reached ** piety under Dithmenos
   962 | D        | Reached skill level 5 in Short Blades
   963 | D        | Killed a polar bear
   969 | D        | Noticed a deep elf master archer
   979 | D        | Killed a deep elf master archer
   980 | D        | Reached XP level 10. HP: 50/51 MP: 23/25
   988 | D        | Reached *** piety under Dithmenos
   991 | D        | Reached skill level 10 in Evocations
  1024 | D        | Reached skill level 5 in Fighting
  1083 | D        | Noticed a death drake
  1085 | D        | Noticed a death drake
  1087 | D        | Reached **** piety under Dithmenos
  1089 | D        | Killed a death drake
  1090 | D        | Reached skill level 15 in Hexes
  1095 | D        | Noticed a crystal guardian
  1095 | D        | Killed from afar by a crystal guardian

Illustrated notes

Levels and vault maps discovered:
D:        the_violet_keep_of_menkaure [sprint2_stairs_cluster_1,
          sprint2_shoproom, sprint2_temple, sprint2_basic_supplies,
          sprint2_obstacle_1, sprint2_obstacle_5, sprint2_obstacle_2,
          sprint2_obstacle_7, sprint2_obstacle_4, sprint2_timed_cluster_1,
          sprint2_smallroom_cluster_1, sprint2_smallroom_final_cluster_1,
          sprint2_transparent_cluster_1, sprint2_second_timed_cluster_1,
          sprint2_sniper_area_1, sprint2_heavy_combat_area_1,
          sprint2_mutation_trap_area_1, sprint2_forest_area_1,
          sprint2_light_combat_area_1, sprint2_behind_water_1,
          sprint2_near_end_vault_1]

Skill      XL: |  1  2  3  4  5  6  7  8  9 10 |
---------------+-------------------------------+-----
Stealth        | 12 14 17 19 | 19.1
Spellcasting   | 6 8 9 10 11 12 13 | 13.3
Hexes          | 7 8 10 11 12 14 15 | 15.0
Fighting       | 3 4 5 |  5.3
Short Blades   | 4 6 7 |  7.8
Dodging        | 6 7 9 |  9.3
Evocations     | 5 9 11 | 11.1

Action                   |  1- 3 |  4- 6 |  7- 9 | 10-12 || total
-------------------------+-------+-------+-------+-------++-------
Melee: Dagger            |     4 |     2 |    17 |     9 ||    32
 Cast: Ensorcelled Hiber |       |       |    18 |     9 ||    27
  Use: Potion            |     2 |       |     2 |     1 ||     5
 Stab: Sleeping          |     3 |     2 |    15 |     8 ||    28
       Invisible         |     1 |       |       |       ||     1
Dodge: Dodged            |     1 |       |     2 |     2 ||     5
